Map: Lightshade LE

Players

TIME (Oliveira) - Winner!

  • Race: Terran Terran

Bunny

  • Race: Terran Terran
  • League: Bronze

Event: DreamHack SC2 Masters 2021 Fall

VOD

Have the link to the VOD?

Description

Time

  • Played on: Sept. 11, 2021, 9:40 a.m.
  • Length: 8:36

All games in this series

Show
View Real Time Build Order
Export as new Build Order

TIME Terran - Winner!

Build Orders:  

Get SALT Encoding   

  12  0:00  SCV  
  13  0:12  SCV  
  14  0:17  Supply Depot  
  14  0:25  SCV  
  14  0:28  Refinery  
  15  0:38  SCV  
  16  0:44  Barracks  
  16  0:51  SCV  
  16  0:55  Refinery  
  17  1:03  SCV  
  18  1:15  SCV  
  19  1:31  Reaper, Orbital Command  
  20  1:34  Factory  
  20  1:42  Supply Depot  
  20  1:57  SCV  
  21  2:03  Reaper  
  22  2:09  SCV  
  23  2:18  Hellion  
  25  2:25  Command Center  
  25  2:26  SCV  
  26  2:35  Reaper  
  26  2:36  Supply Depot  
  27  2:40  Hellion  
  27  2:42  SCV  
  30  2:50  Starport  
  30  2:54  SCV  
  31  3:02  Factory Tech Lab  
  31  3:06  SCV  
  31  3:08  Barracks Reactor  
  32  3:18  SCV  
  33  3:21  Cyclone  
  33  3:26  Refinery  
  36  3:27  Starport Tech Lab  
  36  3:30  SCV  
  37  3:41  Orbital Command  
  37  3:42  SCV  
  36  3:49  Marine x2, Barracks  
  36  3:54  SCV  
  39  3:58  Raven  
  41  4:06  SCV  
  41  4:07  SCV  
  41  4:08  Marine  
  45  4:13  Supply Depot  
  45  4:14  Siege Tank  
  45  4:16  Marine  
  48  4:18  SCV  
  48  4:19  SCV  
  50  4:26  Marine  
  50  4:30  SCV  
  50  4:31  SCV, Supply Depot  
  53  4:34  Marine  
  54  4:44  Marine, Stimpack  
  54  4:45  Marine  
  56  4:46  SCV x2  
  56  4:47  Starport Reactor  
  56  4:48  Siege Tank  
  56  4:52  Supply Depot  
  61  4:55  Marine  
  61  4:58  SCV x2  
  62  5:10  SCV  
  62  5:12  Marine x2  
  65  5:14  SCV  
  65  5:16  Marine  
  65  5:17  Supply Depot  
  67  5:22  SCV  
  67  5:24  Medivac x2  
  67  5:25  Siege Tank  
  67  5:26  SCV  
  76  5:30  Marine  
  76  5:31  Marine  
  76  5:32  Supply Depot  
  78  5:42  Command Center  
  78  5:43  SCV  
  78  5:44  SCV  
  78  5:47  Marine  
  80  5:53  Marine  
  80  5:55  Marine  
  81  6:01  SCV, Siege Tank  
  85  6:04  Marine  
  85  6:10  SCV  
  87  6:13  Marine  
  87  6:14  Barracks, Engineering Bay  
  87  6:16  Refinery, Engineering Bay  
  88  6:20  Medivac x2  
  92  6:25  Marine  
  92  6:27  Combat Shield  
  92  6:28  Marine  
  92  6:31  SCV  
  94  6:34  Marine  
  94  6:43  Marine  
  94  6:51  Supply Depot  
  94  6:52  Supply Depot  
  94  6:53  Marine x2, Siege Tank  
  99  6:55  Orbital Command  
  88  7:01  Marine  
  88  7:08  SCV  
  74  7:11  Marine x2  
  74  7:14  Barracks Reactor  
  73  7:19  Marine, SCV  
  73  7:20  Orbital Command  
  70  7:23  Medivac  
  70  7:26  SCV  
  70  7:29  Marine x2, Medivac  
  77  7:31  SCV  
  77  7:35  Barracks x2  
  77  7:37  Marine  
  78  7:40  SCV  
  78  7:41  Siege Tank  
  78  7:43  SCV  
  84  7:45  SCV  
  84  7:46  Marine  
  84  7:48  Marine  
  84  7:50  Marine x2  
  89  7:52  SCV  
  89  7:54  Marine  
  89  7:55  SCV  
  93  7:58  SCV  
  93  7:59  Missile Turret  
  93  8:00  Medivac x2  
  93  8:04  Marine  
  98  8:07  Marine  
  98  8:08  Marine, SCV  
  98  8:09  Marine  
  98  8:11  SCV  
  98  8:12  Marine  
Show
View Real Time Build Order
Export as new Build Order

Bunny Terran 

Build Orders:  

Get SALT Encoding   

  12  0:00  SCV  
  13  0:12  SCV  
  14  0:17  Supply Depot  
  14  0:24  SCV  
  15  0:39  SCV  
  15  0:40  Barracks  
  16  0:43  Refinery  
  16  0:51  SCV  
  16  0:52  Refinery  
  17  1:03  SCV  
  18  1:15  SCV  
  19  1:27  Orbital Command  
  19  1:28  Reaper  
  19  1:29  Supply Depot  
  20  1:42  Factory  
  20  1:53  SCV  
  21  2:00  Reaper  
  22  2:05  SCV  
  23  2:17  SCV  
  24  2:23  Command Center  
  24  2:29  SCV, Hellion  
  27  2:33  Barracks Reactor  
  27  2:38  Supply Depot  
  27  2:41  SCV  
  28  2:50  Factory Tech Lab  
  28  2:52  Starport  
  28  2:56  SCV  
  29  3:08  SCV, Cyclone  
  29  3:09  Marine  
  29  3:12  Marine  
  35  3:20  SCV  
  36  3:27  Marine  
  36  3:28  Starport Tech Lab  
  36  3:30  Marine  
  36  3:33  SCV  
  39  3:36  Orbital Command  
  38  3:46  Raven  
  38  3:47  SCV  
  41  3:51  Refinery  
  41  3:57  Marine x2  
  41  3:59  SCV  
  41  4:02  SCV  
  45  4:06  Siege Tank  
  48  4:11  SCV  
  48  4:13  Supply Depot  
  48  4:14  Marine, SCV  
  48  4:15  Marine  
  52  4:19  Refinery  
  52  4:23  SCV  
  53  4:26  SCV  
  53  4:27  Supply Depot  
  54  4:34  Raven  
  54  4:35  SCV  
  54  4:37  Marine x2  
  60  4:38  SCV  
  60  4:41  Supply Depot  
  60  4:47  SCV  
  60  4:49  Siege Tank  
  60  4:50  SCV  
  65  4:54  Supply Depot  
  65  4:55  Marine  
  65  4:56  Marine  
  67  5:01  SCV  
  67  5:02  SCV  
  67  5:06  Supply Depot  
  69  5:13  SCV  
  70  5:14  SCV  
  70  5:18  Supply Depot  
  70  5:21  Siege Tank  
  74  5:25  Viking  
  74  5:26  Viking  
  78  5:28  SCV x2  
  78  5:29  Marine  
  81  5:36  Supply Depot  
  81  5:40  SCV x2  
  83  5:47  Marine  
  84  5:53  Siege Tank  
  84  5:55  Viking x2  
  88  5:59  SCV x2  
  88  6:03  Supply Depot  
  90  6:09  Marine  
  90  6:13  Command Center  
  90  6:25  Viking x2  
  90  6:29  Siege Tank  
  97  6:36  Marine  
  97  6:39  SCV  
  81  6:53  Marine  
  80  6:55  Viking x2  
  72  7:03  Orbital Command  
  58  7:15  Barracks Tech Lab  
  52  7:20  Siege Tank  
  55  7:25  Orbital Command, Liberator x2  
  55  7:28  SCV  
  62  7:33  Marine  
  62  7:36  SCV  
  64  7:41  SCV  
  65  7:49  SCV  
  65  7:50  Marine  
  67  7:53  SCV  
  67  7:54  Siege Tank  
  71  8:00  SCV  
  71  8:01  SCV  
  74  8:05  SCV  
  74  8:08  Marine  

Tags
 
Add a new tag
Caveats
  • Supply blocks, unpowered buildings, or Contaminate may cause inaccurate times.
  • Supply counts are checked every 10 seconds.